 Dungeon Crawl Stone Soup version 0.28.0-53-g5a82cb258f (webtiles) character file.

Game seed: 12386875204796209739

47 mason the Cudgeller (level 3, -2/29 HPs)
             Began as a Human Berserker on July 10, 2022.
             Was a Follower of Trog.
             Slain by a gnoll
             ... wielding a +0 spear
              (6 damage)
             ... on level 2 of the Dungeon.
             The game lasted 00:12:21 (806 turns).

mason the Cudgeller (Human Berserker)                Turns: 806, Time: 00:12:22

Health: -2/29      AC:  3    Str: 18 (19) XL:     3   Next: 97%
Magic:  3/3        EV: 12    Int:  5 (7)  God:    Trog [*.....]
Gold:   62         SH:  0    Dex: 10 (12) Spells: 2/2 levels left

rFire   . . .      SeeInvis .   a - +0 mace
rCold   . . .      Faith    .   (no shield)
rNeg    . . .      Spirit   .   b - +0 animal skin
rPois   .          Reflect  .   (no helmet)
rElec   .          Harm     .   (no cloak)
rCorr   .          Rampage  .   g - +0 pair of gloves
Will    .....                   (no boots)
Stlth   +.........              (no amulet)
HPRegen 0.09/turn               (no ring)
MPRegen 0.08/turn               (no ring)

@: no status effects
A: no striking features
a: Renounce Religion, Berserk


You were on level 2 of the Dungeon.
You worshipped Trog.
Trog was aware of your devotion.
You visited 1 branch of the dungeon, and saw 2 of its levels.

You collected 62 gold pieces.

Inventory:

Hand Weapons
 a - a +0 mace (weapon)
 e - a +0 whip
 f - a +0 club
Missiles
 c - 78 stones (quivered)
 h - 23 bolts
Armour
 b - a +0 animal skin (worn)
 g - a +0 pair of gloves (worn)
Potions
 d - a potion of ambrosia {unknown}


   Skills:
 + Level 3.3 Fighting
 + Level 4.0 Maces & Flails
 + Level 2.1 Armour
 + Level 2.3 Dodging


You had 2 spell levels left.
You didn't know any spells.
Your spell library was empty.

Dungeon Overview and Level Annotations

Branches:
Dungeon (2/15)

Altars:


Message History

You hit the gnoll.
The gnoll is moderately wounded.
The gnoll barely misses you.
You hit the gnoll.
The gnoll is moderately wounded.
The gnoll misses you.
You hit the gnoll.
The gnoll is severely wounded.
The gnoll misses you.
You hit the gnoll.
You kill the gnoll!
Trog accepts your kill.
Your Maces & Flails skill increases to level 4!
What are your orders? t - Shout!
Orders for allies: a - Attack new target. r - Retreat! s - Stop attacking. g - Guard the area. f - Follow me.
Anything else - Cancel.
Gang up on whom?
Press: ? - help, Dir - move target, f - kobold
Aim: a kobold, wielding a +0 dagger and quivering stones Attack!
The kobold hits you but does no damage. The gnoll barely misses you.
You hit the kobold.
You kill the kobold!
Trog accepts your kill.
The gnoll hits you from afar with a +0 spear.
* * * LOW HITPOINT WARNING * * *
What are your orders? t - Shout!
Orders for allies: a - Attack new target. r - Retreat! s - Stop attacking. g - Guard the area. f - Follow me.
Anything else - Cancel.
Gang up on whom?
Press: ? - help, Dir - move target, f - gnoll
Aim: a gnoll, wielding a +0 spear Attack!
The gnoll hits you from afar with a +0 spear.
You die...

. .## ##+# ..# #. #...#
#.# #.# .....# ###.# ##.#
......# ##.#.# #####..#
.......####....####.......
......gg)@................
.......####.>..####.###...
......# ##.#.# #.# #..#
.....# ###.# #.# #...
#...# ... #.# ##.# ##+#
#.## #.####.# .#. #......#
# . ######## #


You could see 2 gnolls.

Vanquished Creatures
  Jessica (D:2)
  A gnoll (D:2)
  A bat (D:2)
  A giant cockroach (D:1)
  3 jackals (D:2)
  A goblin (D:2)
  3 kobolds
  2 rats (D:2)
13 creatures vanquished.

Notes
Turn   | Place    | Note
-------+----------+-------------------------------------------
     0 | D:1      | mason the Human Berserker began the quest for the Orb.
     0 | D:1      | Reached XP level 1. HP: 18/18 MP: 1/1
   587 | D:2      | Reached XP level 2. HP: 15/24 MP: 2/2
   722 | D:2      | Noticed Jessica
   739 | D:2      | Killed Jessica
   740 | D:2      | Reached XP level 3. HP: 9/29 MP: 3/3
   804 | D:2      | Reached skill level 4 in Maces & Flails
   806 | D:2      | Slain by a gnoll

Illustrated notes

Levels and vault maps discovered:
D:1:      minmay_arrival_widening_spiral_wide, layout_basic,
          shapermc_ecumenical_altar_mp_ritualfount
D:2:      layout_loops_corners, uniq_jessica

Skill      XL: |  1  2  3 |
---------------+----------+-----
Maces & Flails | 4 |  4.0
Fighting       | |  3.3
Armour         | |  2.1
Dodging        | |  2.3

Action                   || total
-------------------------++-------
Melee: Mace              ||    45
  Use: Potion            ||     4
Armor: Animal skin       ||    18
Dodge: Dodged            ||    51
